 Dungeon Crawl Stone Soup version 0.28-a0-1594-ga885d4b3d6 (webtiles) character file.

Game seed: 1179476014478102957

24 YayAnonymity the Vandal (level 2, 0/22 HPs)
             Began as a Demonspawn Hunter on Jan 21, 2022.
             Slain by a worm (9 damage)
             ... on level 2 of the Dungeon.
             The game lasted 00:01:08 (1227 turns).

YayAnonymity the Vandal (Demonspawn Hunter)         Turns: 1227, Time: 00:01:08

Health: 0/22       AC:  3    Str: 12    XL:     2   Next: 79%
Magic:  2/2        EV: 12    Int: 12    God:
Gold:   68         SH:  0    Dex: 13    Spells: 1/1 levels left

rFire   . . .      SeeInvis .   b - +0 short sword
rCold   . . .      Faith    .   (no shield)
rNeg    . . .      Spirit   .   c - +0 leather armour
rPois   +          Reflect  .   (no helmet)
rElec   .          Harm     .   (no cloak)
rCorr   .          Rampage  .   (no gloves)
Will    .....                   (no boots)
Stlth   ++........              (no amulet)
HPRegen 0.07/turn               h - ring of poison resistance
MPRegen 0.08/turn               (no ring)

@: no status effects
A: powered by death 1
a: no special abilities


You were on level 2 of the Dungeon.
You visited 1 branch of the dungeon, and saw 2 of its levels.

You collected 68 gold pieces.

Inventory:

Hand Weapons
 a - a +1 hunting sling
 b - a +0 short sword (weapon)
Missiles
 d - 20 sling bullets
 f - 14 stones (quivered)
Armour
 c - a +0 leather armour (worn)
Jewellery
 h - a ring of poison resistance (left hand)
Scrolls
 e - a scroll of identify {unknown}
Potions
 g - a potion of heal wounds {unknown}
 i - a potion of attraction {unknown}


   Skills:
 - Level 2.0 Fighting
 * Level 4.0 Slings
 + Level 2.1 Dodging
 + Level 1.5 Stealth


You had one spell level left.
You didn't know any spells.
Your spell library was empty.

Dungeon Overview and Level Annotations

Branches:
Dungeon (2/15)

Altars:

Annotations:
D:2 Terence


Innate Abilities, Weirdness & Mutations

You regenerate a little health from kills.


Message History

There is a stone staircase leading down here.
You climb downwards.
There is a stone staircase leading up here.
Terence shouts!
The goblin shouts!
Terence says, "Did you write a will?
You should..."
You climb upwards.
There is a stone staircase leading down here.
There is a stone staircase leading down here.
You climb downwards.
Level annotation: Terence
There is a stone staircase leading up here.
The helpless worm fails to defend itself.
You puncture the worm!
The worm is heavily wounded.
The worm bites you.
You hit the worm but do no damage.
The worm is moderately wounded.
You hit the worm but do no damage. You punch the worm, but do no damage.
The worm is moderately wounded.
The worm bites you.
You hit the worm but do no damage.
The worm is moderately wounded.
The worm barely misses you.
You hit the worm.
The worm is moderately wounded.
You barely miss the worm.
The worm is moderately wounded.
The worm barely misses you.
You hit the worm but do no damage.
The worm is moderately wounded.
The worm misses you.
You hit the worm.
The worm is heavily wounded.
You hit the worm.
The worm is heavily wounded.
The worm bites you!
You barely miss the worm.
The worm is heavily wounded.
The worm bites you!
You die...

. #######...
#w........
#.@.......
#.........
...........
.............
.........######
.........#
.....#####
@....


You could see Terence (wandering) and a worm.

Vanquished Creatures
  3 dart slugs (D:1)
  2 ball pythons (D:1)
  An endoplasm (D:1)
  A giant cockroach (D:1)
  A goblin (D:1)
  4 hobgoblins (D:1)
  A kobold (D:1)
  2 bats (D:1)
  A rat (D:1)
16 creatures vanquished.

Notes
Turn   | Place    | Note
-------+----------+-------------------------------------------
     0 | D:1      | YayAnonymity the Demonspawn Hunter began the quest for the
                  | Orb.
     0 | D:1      | Reached XP level 1. HP: 16/16 MP: 1/1
    98 | D:1      | Reached skill level 1 in Stealth
   564 | D:1      | Gained mutation: You regenerate a little health from kills.
                  | [demonic ancestry]
   564 | D:1      | Reached XP level 2. HP: 15/22 MP: 2/2
   939 | D:1      | Reached skill level 4 in Slings
  1206 | D:2      | Noticed Terence
  1227 | D:2      | Slain by a worm

Illustrated notes

Levels and vault maps discovered:
D:1:      minmay_arrival_plants_in_alcoves, layout_loops_cross,
          nrook_mini_vaults
D:2:      layout_basic, basic_altar, uniq_terence

Skill      XL: |  1  2 |
---------------+-------+-----
Stealth        | 1 |  1.5
Dodging        | 2 |  2.1
Slings         | 4 |  4.0
Fighting       | |  2.0

Action                   || total
-------------------------++-------
Melee: Short sword       ||    67
       Punch             ||     2
 Fire: Hunting sling     ||     1
 Stab: Sleeping          ||     4
Armor: Leather armour    ||    18
Dodge: Dodged            ||    32

Table legend: (Time is in decaauts)
 A = Elapsed time spent in this place.
 B = Non-inter-level travel time spent in this place.
 C = Inter-level travel time spent in this place.
 D = Time resting spent in this place.
 E = Time spent auto-exploring this place.
 F = Levels seen in this place.
 G = Mean time per level.
                   A        B        C        D        E       F      G
               +--------+--------+--------+--------+--------+-----+--------+
         Total |   1232 |   1194 |     38 |      0 |   1060 |   2 |  616.0 |
       Dungeon |   1232 |   1194 |     38 |      0 |   1060 |   2 |  616.0 |
               +--------+--------+--------+--------+--------+-----+--------+

Top non-repeatable levels by time:
     D:1: 1219 daAuts
     D:2: 13 daAuts
